 Dungeon Crawl Stone Soup version 0.23.0 (webtiles) character file.

Game seed: 2948553547973173271

26414 zishaf the Covert (level 13, -5/103 HPs)
             Began as a Vine Stalker Assassin on Feb 19, 2019.
             Was a Believer of Uskayaw.
             Slain by RenamonSenpai's ghost (7 damage)
             ... on level 4 of the Lair of Beasts.
             The game lasted 00:34:57 (13505 turns).

zishaf the Covert (Vine Stalker Assassin)          Turns: 13505, Time: 00:34:57

Health: -5/103     AC: 26    Str: 18    XL:     13   Next: 25%
Magic:  0/20       EV:  2    Int: 11    God:    Uskayaw [**....]
Gold:   779        SH: 16    Dex: 20    Spells: 14/18 levels left

rFire    + . .     SeeInvis .   a - +3 dagger (venom)
rCold    + . .     Gourm    .   H - +0 large shield of Anaesthesia {rC+}
rNeg     + + +     Faith    .   (armour currently unavailable)
rPois    +         Spirit   +   (helmet currently unavailable)
rElec    .         Reflect  .   (cloak currently unavailable)
rCorr    .         Harm     .   (gloves currently unavailable)
MR       +....     NoTele   +   (boots currently unavailable)
Stlth    +++++.....             c - amulet of magic regeneration
HPRegen  1.07/turn              P - ring of protection from fire
MPRegen  0.42/turn              i - +3 ring of dexterity

@: lethally poisoned (-5 -> -5), tree-form
A: regeneration 2, magic shield, no potion heal 3, rot immunity
a: Stomp, Line Pass, Renounce Religion


You were on level 4 of the Lair of Beasts.
You worshipped Uskayaw.
Uskayaw was aware of your devotion.
You were hungry.
You were a tree.
You visited 3 branches of the dungeon, and saw 15 of its levels.

You collected 779 gold pieces.

Inventory:

Hand Weapons
 a - a +3 dagger of venom (weapon)
 b - a +0 hunting sling
 w - a +0 blowgun
 A - a +0 dagger of holy wrath
Missiles
 e - 74 poisoned needles
 f - 2 curare-tipped needles {!f}
 j - 592 stones (quivered)
 l - 110 sling bullets
 L - 15 tomahawks
 V - a throwing net
Armour
 t - a +0 pair of boots (melded)
 G - a scarf of repulsion (melded)
 H - the +0 large shield of Anaesthesia (worn) {rC+}
   (You found it on level 5 of the Dungeon)

   It protects you from cold.
 Q - the +6 scale mail of Greater Demons (melded) {rN+ rCorr Dex+4}
   (You found it on level 10 of the Dungeon)

   It affects your dexterity (+4).
   It protects you from negative energy.
   It provides partial protection from all sources of acid and corrosion.
Magical Staves
 z - an uncursed staff of conjuration
Jewellery
 c - an amulet of magic regeneration (around neck)
 i - a +3 ring of dexterity (right branch)
 p - an uncursed ring of ice
 C - an uncursed ring of magical power
 P - a ring of protection from fire (left branch)
Wands
 m - a wand of polymorph (11)
 J - a wand of iceblast (16)
 K - a wand of flame (33)
 R - a wand of scattershot (4)
 S - a wand of enslavement (6)
 U - a wand of acid (16)
 Y - a wand of random effects (15)
Scrolls
 h - a scroll of enchant weapon
 k - 2 scrolls of magic mapping
 r - a scroll of fear
 v - 7 scrolls of teleportation
 x - 5 scrolls of enchant armour
 y - 2 scrolls of immolation {unknown}
 D - 6 scrolls of remove curse
 F - 3 scrolls of noise {unknown}
 I - 4 scrolls of blinking {unknown}
 M - a scroll of random uselessness {unknown}
 T - a scroll of fog {unknown}
Potions
 d - a potion of invisibility
 n - 7 potions of curing
 o - 2 potions of brilliance
 q - 3 potions of flight
 s - a potion of magic {unknown}
 B - 2 potions of agility
 E - 2 potions of haste
 N - 2 potions of mutation
 O - a potion of resistance
 W - a potion of lignification
 Z - a potion of cancellation {unknown}
Miscellaneous
 u - a phial of floods
Comestibles
 g - 38 rations


   Skills:
 + Level 8.3 Fighting
 + Level 8.3 Short Blades
 - Level 4.7(5.0) Slings
 - Level 2.0(3.6) Throwing
 + Level 5.7 Armour
 - Level 3.2 Dodging
 - Level 10.0 Stealth
 + Level 8.5 Shields
 - Level 3.0 Spellcasting
 - Level 3.4 Summonings
 - Level 3.4 Translocations
 * Level 8.9 Invocations


You had 14 spell levels left.
You knew the following spells:

 Your Spells              Type           Power        Failure   Level  Hunger
a - Blink                 Tloc           N/A          63%         2    ###....
b - Call Imp              Summ           #.......     63%         2    ###....

Your spell library contained the following spells:

 Spells                   Type           Power        Failure   Level  Hunger
 Summon Butterflies       Summ           #.......     47%         1    #......
 Call Canine Familiar     Summ           #.......     85%         3    ###....
 Gell's Gravitas          Tloc           #.........   85%         3    ###....
 Animate Skeleton         Necr           N/A          91%         1    #......
 Confusing Touch          Hex            #.....       91%         1    #......
 Magic Dart               Conj           #...         91%         1    #......
 Pain                     Necr           #...         91%         1    #......
 Slow                     Hex            #.......     97%         2    ###....
 Confuse                  Hex            #.......     100%        3    ###....
 Conjure Flame            Conj/Fire      #.......     100%        3    ###....
 Mephitic Cloud           Conj/Pois/Air  #.......     100%        3    ###....
 Regeneration             Chrm/Necr      #.........   100%        3    ###....
 Vampiric Draining        Necr           #.........   100%        3    ###....
 Animate Dead             Necr           N/A          100%        4    #####..
 Petrify                  Tmut/Erth      #.......     100%        4    #####..
 Summon Ice Beast         Ice/Summ       #.......     100%        4    #####..
 Metabolic Englaciation   Hex/Ice        #.........   100%        5    ######.
 Summon Mana Viper        Hex/Summ       #.......     100%        5    ######.
 Yara's Violent Unravell  Hex/Tmut       #.........   100%        5    ######.
 Summon Hydra             Summ           #.........   100%        7    #######


Dungeon Overview and Level Annotations

Branches:
Dungeon (10/15)            Temple (1/1) D:5            Lair (4/6) D:10
 Shoals (0/4) Lair:2       Spider (0/4) Lair:4          Orc (0/2) D:10

Altars:
Ashenzari
Cheibriados
Dithmenos
Elyvilon
Fedhas
Gozag
Kikubaaqudgha
Makhleb
Nemelex Xobeh
Okawaru
Qazlal
Ru
Sif Muna
Trog
Uskayaw
Vehumet
Wu Jian
Xom
Yredelemnul
Zin

Annotations:
Lair:4 1 transporter, RenamonSenpai's ghost, journeyman MiCK


Innate Abilities, Weirdness & Mutations

((You have razor-sharp teeth.))
You heal very quickly.
When hurt, damage is shared between your health and your magic reserves.
((Your bite disrupts and absorbs the magic of your enemies.))
Potions cannot restore your health.
You are immune to rotting.


Message History

* * * LOW HITPOINT WARNING * * *
The meliai burns you.
* * * LOW HITPOINT WARNING * * *
You block RenamonSenpai's ghost's attack.
You miss the killer bee.
The killer bee stings you but does no damage.
The meliai hits you but does no damage.
The killer bee stings you but does no damage.
RenamonSenpai's ghost hits you!
* * * LOW HITPOINT WARNING * * *
You hit the killer bee.
The killer bee is poisoned.
The killer bee is lightly wounded.
You feel sick. You block the meliai's attack. The killer bee stings you.
* * * LOW HITPOINT WARNING * * *
You miss the killer bee.
The killer bee is heavily wounded.
The meliai hits you from afar with the +5 spear of the Exiled Allies {flame, rF- Int+5}.
* * * LOW HITPOINT WARNING * * *
You block the killer bee's attack. RenamonSenpai's ghost hits you!
You die...

....#### #.......### ...^...#
##........#
......P#######.#.....### #####
.......P##.....P.......# ####.#..
....#.........©........###.#P....
...P#...#############............
...##..#####..©..#####...........
..###.###.#.#..)#.#.###..........
....#.##%.#..###♣.#..##..........
.P....###...#..y#W..###..........
.......#####..#y.#####...........
......###.#.#..y#y%.###..........
......##..#.%###..#..##..........
......###...#.yy#y..###..........
...##..#####yyWyy#####...........
..####..#############............
..###.........©..................


You could see a hornet, a meliai, a killer bee and RenamonSenpai's ghost.

Vanquished Creatures
  Harold (D:9)
  A hydra (Lair:4)
  Erica (D:9)
  A two-headed ogre (D:9)
  The ghost of Gonk the Martial Artist, a novice OpTm of Ashenzari (D:10)
  Pikel (D:5)
  The ghost of Keith the Cleaver, a novice MiFi of Okawaru (D:10)
  The ghost of wolfsongas the Martial Artist, a novice GnWn of Cheibriados (D:6)
  5 spiny frogs
  6 komodo dragons
  4 jumping spiders (Lair:4)
  A meliai (Lair:4)
  A queen bee (Lair:4)
  4 trolls
  A hornet (Lair:4)
  Prince Ribbit (D:6)
  Grinder (D:6)
  5 hippogriffs
  Sigmund (D:2)
  4 redbacks (Lair:4)
  A vampire (D:10)
  28 yaks
  A basilisk (Lair:4)
  2 hungry ghosts
  4 water moccasins
  4 black bears
  6 orc warriors
  5 porcupines
  4 slaves (D:5)
  5 ice beasts
  3 sky beasts
  A necrophage (D:8)
  6 ogres
  30 wolves
  3 centaurs
  7 crocodiles
  A big kobold (D:8)
  10 bullfrogs
  A wyvern zombie (D:6)
  3 scorpions
  5 killer bees (Lair:4)
  9 wights
  2 electric eels (D:6)
  2 howler monkeys
  4 lava snakes (D:10)
  2 bullfrog zombies
  3 crimson imps
  7 hounds
  2 quasits (D:10)
  A gnoll shaman (D:5)
  2 bullfrog skeletons
  2 centaur skeletons (D:6)
  9 orc priests
  3 jellies
  14 orc wizards
  4 iguanas
  10 worker ants
  A hound zombie (D:9)
  A hound skeleton (D:6)
  A howler monkey skeleton (D:10)
  6 gnolls
  6 adders
  3 shadow imps
  An adder zombie (D:5)
  4 adder skeletons
  3 dart slugs
  6 leopard geckos
  37 orcs
  7 bats
  3 giant cockroaches
  13 goblins
  6 hobgoblins
  18 jackals
  7 kobolds
  A quokka (D:5)
  3 ball pythons
  6 frilled lizards
  A quokka skeleton (D:5)
  5 rats
  A plant (D:6)
388 creatures vanquished.

Vanquished Creatures (others)
  2 withered plants (D:10)
2 creatures vanquished.

Grand Total: 390 creatures vanquished

Notes
Turn   | Place    | Note
-------+----------+-------------------------------------------
     0 | D:1      | zishaf the Vine Stalker Assassin began the quest for the
                  | Orb.
     0 | D:1      | Reached XP level 1. HP: 11/11 MP: 2/2
   155 | D:1      | Reached skill level 1 in Dodging
   180 | D:1      | Reached XP level 2. HP: 10/15 MP: 3/3
   379 | D:1      | Reached skill level 5 in Stealth
   518 | D:1      | Reached XP level 3. HP: 17/18 MP: 4/4
  1067 | D:2      | Noticed Sigmund
  1081 | D:2      | Killed Sigmund
  1081 | D:2      | Reached skill level 1 in Armour
  1081 | D:2      | Gained mutation: Your natural rate of healing is unusually
                  | fast. [Vine Stalker growth]
  1081 | D:2      | Reached XP level 4. HP: 3/23 MP: 5/5
  1081 | D:2      | Reached XP level 5. HP: 3/27 MP: 6/6
  1130 | D:2      | Found a stormy altar of Qazlal.
  1140 | D:2      | Found a blossoming altar of Fedhas.
  1218 | D:2      | You fall through a shaft!
  1415 | D:2      | Reached XP level 6. HP: 32/32 MP: 7/7
  1932 | D:3      | Reached skill level 6 in Stealth
  2285 | D:3      | Noticed an ice beast
  2313 | D:3      | Killed an ice beast
  2348 | D:3      | Learned a level 2 spell: Blink
  2351 | D:3      | Learned a level 2 spell: Call Imp
  2555 | D:3      | Found a radiant altar of Vehumet.
  2560 | D:3      | Found a shadowy altar of Dithmenos.
  2560 | D:3      | Found an ancient bone altar of Kikubaaqudgha.
  2562 | D:3      | Found a bloodstained altar of Trog.
  2741 | D:4      | Noticed an orc warrior
  2828 | D:3      | Killed an orc warrior
  2828 | D:3      | Reached XP level 7. HP: 17/36 MP: 3/9
  2891 | D:4      | Reached skill level 1 in Spellcasting
  2891 | D:4      | Reached skill level 1 in Translocations
  2920 | D:4      | Reached skill level 1 in Summonings
  3206 | D:4      | Gained mutation: You have razor-sharp teeth. [Vine Stalker
                  | growth]
  3206 | D:4      | Reached XP level 8. HP: 35/42 MP: 8/11
  3430 | D:4      | Found a sacrificial altar of Ru.
  3544 | D:5      | Entered Level 5 of the Dungeon
  3576 | D:5      | Noticed Pikel
  3654 | D:5      | Found a basalt altar of Yredelemnul.
  3812 | D:5      | Killed Pikel
  3977 | D:5      | Found a staircase to the Ecumenical Temple.
  3983 | D:5      | Reached XP level 9. HP: 46/46 MP: 14/14
  3989 | Temple   | Entered the Ecumenical Temple
  4048 | Temple   | Became a worshipper of Uskayaw the Reveler
  4095 | D:5      | Noticed a troll
  4157 | D:5      | Reached * piety under Uskayaw
  4269 | D:5      | Reached ** piety under Uskayaw
  4277 | D:5      | Reached *** piety under Uskayaw
  4280 | D:5      | Reached **** piety under Uskayaw
  4360 | D:5      | Killed a troll
  4360 | D:5      | Reached skill level 1 in Invocations
  4432 | D:5      | Got a scorched large shield
  4438 | D:5      | Identified the cursed +0 large shield of Anaesthesia {rC+}
                  | (You found it on level 5 of the Dungeon)
  4705 | D:6      | Reached skill level 1 in Shields
  4705 | D:6      | Reached ***** piety under Uskayaw
  4724 | D:6      | Noticed Prince Ribbit
  4740 | D:6      | Killed Prince Ribbit
  4835 | D:6      | Reached skill level 7 in Stealth
  4838 | D:6      | Reached skill level 5 in Fighting
  4838 | D:6      | Reached skill level 5 in Short Blades
  4907 | D:6      | Noticed Grinder
  4917 | D:6      | Killed Grinder
  5383 | D:6      | Found a large runed translucent door.
  5383 | D:6      | Found a large runed translucent door.
  5383 | D:6      | Noticed wolfsongas's ghost (novice GnWn)
  5703 | D:6      | Killed wolfsongas's ghost
  5703 | D:6      | Reached XP level 10. HP: 24/51 MP: 12/15
  6718 | D:7      | Reached skill level 8 in Stealth
  6722 | D:7      | Reached skill level 1 in Slings
  7492 | D:8      | Reached skill level 5 in Shields
  7608 | D:8      | Found a glowing silver altar of Zin.
  7609 | D:8      | Found an iron altar of Okawaru.
  7968 | D:9      | Noticed Harold
  7989 | D:9      | Killed Harold
  8047 | D:9      | Reached XP level 11. HP: 56/56 MP: 16/16
  8173 | D:9      | Noticed a two-headed ogre
  8231 | D:9      | Killed a two-headed ogre
  8231 | D:9      | Reached skill level 9 in Stealth
  8257 | D:9      | Found a blossoming altar of Fedhas.
  8358 | D:9      | Noticed Erica
  8404 | D:9      | Killed Erica
  8404 | D:9      | Reached skill level 5 in Invocations
  9089 | D:9      | Found a shimmering altar of Xom.
  9133 | D:10     | Entered Level 10 of the Dungeon
  9145 | D:10     | Found a runed translucent gate.
  9146 | D:10     | Found a runed translucent gate.
  9147 | D:10     | Found a runed translucent gate.
  9151 | D:10     | Noticed Gonk's ghost (novice OpTm)
  9151 | D:10     | Noticed Keith's ghost (novice MiFi)
  9700 | D:10     | Killed Gonk's ghost
  9708 | D:10     | Killed Keith's ghost
  9733 | D:10     | Got a distressingly furry scale mail
  9744 | D:10     | Identified the +6 scale mail of Greater Demons {rN+ rCorr
                  | Dex+4} (You found it on level 10 of the Dungeon)
 10007 | D:10     | Found a staircase to the Lair.
 10104 | D:10     | Found a staircase to the Orcish Mines.
 10193 | Lair:1   | Entered Level 1 of the Lair of Beasts
 10299 | Lair:1   | Gained mutation: You heal very quickly. [Vine Stalker
                  | growth]
 10299 | Lair:1   | Reached XP level 12. HP: 22/63 MP: 15/17
 10390 | Lair:1   | Reached skill level 10 in Stealth
 11640 | Lair:2   | Found a staircase to the Shoals.
 11910 | Lair:3   | Reached skill level 5 in Armour
 12525 | Lair:4   | Noticed a four-headed hydra
 12550 | Lair:4   | Killed a four-headed hydra
 12597 | Lair:4   | Reached XP level 13. HP: 33/68 MP: 17/20
 12974 | Lair:4   | Found a hole to the Spider Nest.
 13123 | Lair:4   | Noticed RenamonSenpai's ghost (journeyman MiCK)
 13151 | Lair:4   | Identified the +5 spear of the Exiled Allies {flame, rF-
                  | Int+5}
 13152 | Lair:4   | Found a transporter.
 13156 | Lair:4   | Found a transporter.
 13504 | Lair:4   | HP: 3/103 [killer bee (4)]
 13505 | Lair:4   | Slain by RenamonSenpai's ghost

Skill      XL: |  1  2  3  4  5  6  7  8  9 10 11 12 |
---------------+-------------------------------------+-----
Dodging        | 1 2 3 |  3.2
Fighting       | 2 3 4 5 6 7 8 |  8.3
Stealth        | 5 6 7 8 9 10 | 10.0
Throwing       | 2 |  2.0
Short Blades   | 2 3 4 5 6 7 8 |  8.3
Armour         | 1 2 3 4 5 |  5.7
Spellcasting   | 1 3 |  3.0
Translocations | 1 3 |  3.4
Summonings     | 1 3 |  3.4
Invocations    | 3 4 5 8 |  8.9
Shields        | 3 5 7 8 |  8.5
Slings         | 2 4 |  4.7

Action                   |  1- 3 |  4- 6 |  7- 9 | 10-12 | 13-15 || total
-------------------------+-------+-------+-------+-------+-------++-------
Melee: Dagger            |    97 |    99 |   283 |   986 |   140 ||  1605
       Bite              |    28 |    33 |   104 |   404 |    52 ||   621
       Unarmed           |       |       |     6 |       |       ||     6
 Fire: Hunting sling     |       |    72 |    60 |    96 |     1 ||   229
       Blowgun           |       |       |     6 |     4 |       ||    10
Throw: Stone             |       |       |     1 |       |       ||     1
Invok: Stomp             |       |       |       |     6 |       ||     6
Evoke: Wand              |       |       |       |     3 |       ||     3
  Use: Scroll            |       |       |     8 |     8 |     2 ||    18
       Potion            |       |       |       |     2 |     1 ||     3
 Stab: Sleeping          |     1 |     2 |     1 |     5 |       ||     9
       Distracted        |       |       |     1 |       |       ||     1
       Paralysed         |       |       |     7 |    44 |     5 ||    56
  Eat: Chunk             |     1 |     5 |     9 |    30 |     2 ||    47
Armor: Ring mail         |    50 |    42 |    67 |     1 |       ||   160
       Skin              |       |       |     1 |       |    41 ||    42
       Chain mail        |       |       |       |   237 |       ||   237
       Scale mail        |       |       |       |   130 |    54 ||   184
Dodge: Dodged            |    54 |    57 |   114 |   162 |    41 ||   428
       Deflected         |       |       |       |     6 |       ||     6
Block: Large shield      |       |       |    58 |   684 |   185 ||   927
